 Dungeon Crawl Stone Soup version 0.24.0-1-gfbc8707122 (console) character file.

Game seed: 3801236006441141910, levelgen mode: deterministic

385 AlterAsc the Cudgeler (level 6, -8/59 HPs)
             Began as a Troll Warper on Oct 26, 2019.
             Mangled by an iguana (14 damage)
             ... on level 4 of the Dungeon.
             The game lasted 00:17:14 (2786 turns).

AlterAsc the Cudgeler (Troll Warper)                Turns: 2786, Time: 00:17:14

Health: -8/59      AC:  6    Str: 22    XL:     6   Next: 48%
Magic:  7/8        EV: 10    Int:  9    God:
Gold:   152        SH:  0    Dex:  9    Spells: 5/9 levels left

rFire    . . .     SeeInvis .   D - +0 flail
rCold    . . .     Gourm    +   (no shield)
rNeg     . . .     Faith    .   b - +0 robe
rPois    .         Spirit   .   (helmet restricted)
rElec    .         Reflect  .   (no cloak)
rCorr    .         Harm     .   (gloves unavailable)
MR       .....                  (boots unavailable)
Stlth    +.........             (no amulet)
HPRegen  0.59/turn              (no ring)
MPRegen  0.11/turn              (no ring)

@: lethally poisoned (-8 -> -8)
A: large, unfitting armour, claws 3, fast metabolism 3, gourmand, regeneration
1, shaggy fur 1, tough skin 3
a: no special abilities


You were on level 4 of the Dungeon.
You were very full.

You visited 1 branch of the dungeon, and saw 4 of its levels.

You collected 152 gold pieces.

Inventory:

Hand Weapons
 a - a +0 mace
 i - a +1 dagger of pain
 r - a +0 antimagic hand axe
 D - a +0 flail (weapon)
Missiles
 e - 5 boomerangs of dispersal (quivered)
 m - 8 boomerangs
 y - 25 sling bullets
Armour
 b - a +0 robe (worn)
 A - a +0 pair of boots
Jewellery
 c - an uncursed ring of resist corrosion {unknown}
Wands
 w - a wand of random effects (20)
 x - a wand of digging (5)
Scrolls
 d - a scroll of blinking
 h - 2 scrolls of noise {unknown}
 k - a scroll of immolation {unknown}
 l - 2 scrolls of amnesia {unknown}
 n - 2 scrolls of remove curse {unknown}
 o - 4 scrolls of identify {unknown}
 p - a scroll of teleportation {unknown}
 u - a scroll of enchant armour {unknown}
 v - a scroll of random uselessness {unknown}
 B - a scroll of fog {unknown}
Potions
 g - 2 potions of heal wounds {unknown}
 j - 2 potions of curing {unknown}
 q - a potion of invisibility {unknown}
 s - a potion of cancellation {unknown}
 t - 2 potions of brilliance {unknown}
 z - 2 potions of might {unknown}
 C - a potion of mutation {unknown}
 E - a potion of ambrosia {unknown}
 G - a potion of degeneration {unknown}
Comestibles
 f - 8 rations
 F - 2 chunks of flesh


   Skills:
 + Level 2.8 Fighting
 * Level 3.7 Maces & Flails
 - Level 1.0 Throwing
 + Level 2.9 Dodging
 - Level 2.0 Spellcasting
 + Level 0.1 Charms
 - Level 3.0 Translocations


You had 5 spell levels left.
You knew the following spells:

 Your Spells              Type           Power        Failure   Level  Hunger
a - Blink                 Tloc           N/A          14%         2    ###....
b - Shroud of Golubria    Chrm/Tloc      #.....       26%         2    ###....

Your spell library contained the following spells:

 Spells                   Type           Power        Failure   Level  Hunger
 Gell's Gravitas          Tloc           #.........   28%         3    ####...
 Lesser Beckoning         Tloc           #.........   28%         3    ####...
 Teleport Other           Tloc           #.......     28%         3    ####...
 Passage of Golubria      Tloc           N/A          67%         4    #####..


Dungeon Overview and Level Annotations

Branches:
Dungeon (4/15)
 Temple: D:4-7

Altars:
Hepliaklqana
Nemelex Xobeh

Annotations:
D:2 Sigmund


Innate Abilities, Weirdness & Mutations

You are too large for most types of armour.
You have claws for hands.
Your metabolism is lightning-fast.
You like to eat raw meat.
Your natural rate of healing is unusually fast.
You are covered in fur. (AC +1)
You have extremely tough skin. (AC +3)


Message History

You completely miss the iguana.
You feel sick. The iguana bites you! x2
You hit the iguana.
The iguana is lightly wounded.
The iguana barely misses you.
You sock the iguana!
The iguana is severely wounded.
The iguana bites you.
You hit the iguana.
The iguana is severely wounded.
You feel sick. The iguana bites you!
* * * LOW HITPOINT WARNING * * *
You barely miss the iguana.
The iguana is severely wounded.
The iguana misses you.
You barely miss the iguana.
The iguana is severely wounded.
The iguana bites you!
* * * LOW HITPOINT WARNING * * *
The iguana bites you!
You die...

#####
#.##.............
#.##..#########..
#.##.<...# ##.
#.##.#.#.# #.
#.##.....# ##
#.####.### # #.#
#.###### #
###.####.#
#......#
.....Sl@.#
######'#####
##..####.#
#....... #.#
##....... ###
#........
#........
#........
#........
#........
#........


You could see an iguana and an adder.

Vanquished Creatures
  A sky beast (D:3)
  A hound (D:4)
  Jessica (D:2)
  Terence (D:1)
  An iguana (D:4)
  A worker ant (D:4)
  A gnoll (D:1)
  4 adders
  3 worms
  A dart slug (D:2)
  3 leopard geckos
  8 orcs
  2 ball pythons (D:1)
  6 giant cockroaches
  6 goblins (D:1)
  10 hobgoblins
  15 jackals
  10 kobolds
  6 bats
  9 frilled lizards
  4 rats
94 creatures vanquished.

Notes
Turn   | Place    | Note
-------+----------+-------------------------------------------
     0 | D:1      | AlterAsc the Troll Warper began the quest for the Orb.
     0 | D:1      | Reached XP level 1. HP: 19/19 MP: 1/1
    29 | D:1      | Reached skill level 1 in Throwing
    75 | D:1      | Reached XP level 2. HP: 28/28 MP: 3/3
    79 | D:1      | Learned a level 2 spell: Blink
   241 | D:1      | Reached XP level 3. HP: 35/35 MP: 4/4
   866 | D:2      | Found a hazy altar of Hepliaklqana.
   897 | D:2      | Noticed Sigmund
   934 | D:2      | HP: 1/35 [Sigmund/+0 scythe (6)]
  1331 | D:2      | Reached XP level 4. HP: 42/42 MP: 5/5
  1471 | D:2      | Noticed Jessica
  1472 | D:2      | Noticed Terence
  1486 | D:2      | Killed Jessica
  1679 | D:1      | Killed Terence
  1679 | D:1      | Reached XP level 5. HP: 41/50 MP: 6/6
  1852 | D:3      | Learned a level 2 spell: Shroud of Golubria
  2034 | D:3      | Noticed a sky beast
  2059 | D:3      | Killed a sky beast
  2059 | D:3      | Reached XP level 6. HP: 15/59 MP: 6/8
  2570 | D:4      | Found a sparkling altar of Nemelex Xobeh.
  2786 | D:4      | Mangled by an iguana

Levels and vault maps discovered:
D:1:      lightli_arrival_chessboard, layout_basic,
          hangedman_abyss_or_decor_lesser_grid, minmay_distorted
D:2:      layout_loops_cross, lemuel_tele_altar, uniq_sigmund, uniq_terence,
          uniq_jessica
D:3:      layout_rooms, first_ration, st_stairs_8
D:4:      minmay_recursive_quarters, layout_basic,
          ebering_dispersal_statue_hall, nemelex_spade_bored_becter

Skill      XL: |  1  2  3  4  5  6 |
---------------+-------------------+-----
Throwing       | 1 |  1.0
Dodging        | 2 |  2.9
Maces & Flails | 2 3 |  3.7
Fighting       | 2 |  2.8
Spellcasting   | 2 |  2.0
Translocations | 3 |  3.0
Charms         | |  0.1

Action                   |  1- 3 |  4- 6 || total
-------------------------+-------+-------++-------
Melee: Mace              |   162 |   121 ||   283
       Flail             |       |   146 ||   146
 Cast: Blink             |     2 |     1 ||     3
       Shroud of Golubri |       |     5 ||     5
  Eat: Chunk             |    16 |    17 ||    33
Armor: Robe              |    65 |   143 ||   208
Dodge: Dodged            |   100 |   182 ||   282
